Map: [ESL] Ancient Cistern

Players

Elazer - Winner!

  • Race: Zerg Zerg

Ryung

  • Race: Terran Terran
  • League: Master

Event: IEM Katowice 2023

VOD

Have the link to the VOD?

Description

Time

  • Played on: Feb. 8, 2023, 3:09 p.m.
  • Length: 21:45

All games in this series

Show
View Real Time Build Order
Export as new Build Order

Elazer Zerg - Winner!

Build Orders: Hatch First 

Get SALT Encoding   

  12  0:00  Drone  
  13  0:12  Overlord  
  13  0:16  Drone  
  14  0:30  Drone x2  
  16  0:48  Hatchery  
  15  0:51  Drone  
  15  0:54  Drone  
  17  0:58  Drone  
  18  1:09  Extractor  
  17  1:13  Spawning Pool  
  17  1:16  Drone  
  17  1:20  Drone  
  18  1:28  Drone  
  19  1:40  Drone  
  20  1:50  Drone  
  21  1:59  Queen  
  21  2:00  Queen, Zergling x4  
  27  2:10  Drone  
  27  2:11  Overlord  
  27  2:12  Metabolic Boost  
  28  2:28  Hatchery  
  27  2:30  Drone  
  27  2:32  Drone  
  27  2:36  Drone  
  30  2:42  Queen  
  32  2:45  Drone  
  32  2:49  Overlord  
  33  2:53  Drone x2  
  33  2:55  Drone  
  36  3:07  Queen  
  36  3:09  Drone x3  
  42  3:12  Drone  
  42  3:17  Overlord  
  42  3:22  Queen  
  44  3:31  Overlord  
  44  3:36  Drone x2, Zergling x2  
  44  3:37  Drone  
  44  3:39  Drone x3  
  51  3:42  Queen  
  51  3:43  Drone  
  51  3:47  Queen  
  56  3:50  Drone x2  
  56  3:53  Overlord  
  58  3:57  Drone x2  
  58  3:59  Drone  
  58  4:00  Drone  
  58  4:01  Drone  
  63  4:07  Drone x2  
  64  4:16  Overlord  
  63  4:18  Zergling x6  
  63  4:21  Queen  
  63  4:22  Drone x5  
  73  4:28  Extractor, Queen  
  74  4:36  Zergling x6  
  77  4:39  Lair  
  80  4:45  Drone x3  
  80  4:48  Spore Crawler  
  80  4:51  Overlord, Spore Crawler  
  78  4:57  Drone x4  
  82  5:05  Drone  
  82  5:06  Drone x2  
  82  5:10  Overlord  
  82  5:14  Baneling Nest  
  81  5:15  Drone x6  
  81  5:17  Drone  
  81  5:18  Extractor  
  81  5:19  Extractor  
  86  5:22  Evolution Chamber  
  86  5:23  Evolution Chamber  
  86  5:27  Overlord  
  86  5:28  Drone  
  85  5:30  Drone x4  
  85  5:32  Extractor  
  88  5:36  Hatchery  
  88  5:39  Zergling x2  
  88  5:40  Zergling x8  
  91  5:50  Overlord, Zerg Melee Weapons Level 1, Zerg Ground Armor Level 1  
  91  5:54  Drone  
  91  5:56  Zergling x8  
  96  6:02  Zergling x8  
  100  6:08  Zergling x4  
  100  6:10  Centrifugal Hooks  
  102  6:14  Overlord  
  102  6:15  Drone  
  102  6:16  Hydralisk Den  
  102  6:21  Zergling x14  
  109  6:27  Overlord  
  109  6:28  Zergling x6  
  109  6:39  Zergling x12  
  111  6:46  Zergling x4  
  112  6:49  Muscular Augments  
  112  6:51  Baneling  
  112  6:52  Baneling x6  
  112  6:53  Queen  
  110  6:58  Drone x9  
  110  7:01  Baneling x7  
  119  7:04  Overlord  
  119  7:06  Drone x2  
  121  7:13  Hydralisk x4  
  129  7:18  Hatchery  
  129  7:20  Hydralisk x4  
  136  7:33  Overlord  
  136  7:39  Drone x8  
  136  7:41  Extractor  
  142  7:47  Hydralisk x2  
  142  7:51  Overlord x2  
  135  7:59  Zerg Missile Weapons Level 1, Zerg Ground Armor Level 2  
  135  8:00  Drone x8  
  135  8:05  Zergling x18  
  152  8:10  Zergling x4  
  154  8:20  Hydralisk x2, Grooved Spines  
  154  8:21  Hydralisk  
  154  8:22  Hatchery  
  154  8:24  Baneling x6  
  159  8:34  Drone x4  
  158  8:36  Hydralisk, Spine Crawler  
  158  8:37  Hydralisk x2  
  158  8:39  Overlord x2  
  158  8:40  Overlord  
  165  8:49  Spore Crawler  
  165  8:50  Drone x2, Spine Crawler  
  165  8:54  Drone  
  166  9:00  Hydralisk x5  
  176  9:09  Zergling x18  
  184  9:15  Drone x6  
  185  9:21  Hatchery, Zergling x12  
  190  9:24  Baneling x10  
  190  9:33  Zergling x2  
  190  9:34  Zergling x10  
  190  9:35  Overlord  
  196  9:40  Infestation Pit, Burrow  
  193  9:47  Overseer x2  
  193  9:48  Overseer  
  183  9:55  Baneling x9  
  183  10:01  Zergling x38  
  195  10:14  Hydralisk x8  
  181  10:16  Zergling x8  
  181  10:20  Hive  
  199  10:25  Zergling x2  
  199  10:26  Zergling x24  
  196  10:30  Zergling x2  
  196  10:31  Zergling x2  
  194  10:39  Baneling x6  
  194  10:40  Baneling x5  
  194  10:41  Zerg Melee Weapons Level 2  
  194  10:45  Hatchery  
  194  10:46  Zergling x2  
  194  10:47  Zergling x12  
  200  10:51  Zerg Missile Weapons Level 2  
  200  10:56  Spine Crawler x2  
  198  11:07  Hatchery  
  198  11:08  Baneling x16  
  175  11:34  Zergling x54  
  184  11:40  Hydralisk  
  184  11:41  Hydralisk x4  
  163  12:01  Hydralisk  
  163  12:02  Hydralisk x8  
  163  12:04  Zergling x2  
  163  12:05  Zergling x16  
  185  12:10  Adrenal Glands  
  185  12:17  Overlord x2  
  185  12:18  Baneling x10  
  185  12:23  Drone x6  
  185  12:25  Baneling x4  
  185  12:27  Overseer  
  191  12:32  Extractor, Overseer  
  191  12:33  Extractor  
  191  12:35  Drone  
  191  12:36  Drone x5  
  195  12:38  Drone x4  
  195  12:44  Overseer  
  199  12:45  Overseer  
  187  12:59  Zergling x24  
  187  13:00  Zergling x8  
  187  13:05  Baneling x10  
  196  13:09  Zergling x8  
  196  13:11  Zerg Ground Armor Level 3  
  200  13:29  Baneling x6  
  200  13:30  Baneling x4  
  200  13:41  Pneumatized Carapace  
  200  13:55  Zergling x48  
  199  13:59  Overlord x3  
  199  14:02  Overseer x3  
  196  14:08  Baneling  
  196  14:09  Baneling x3  
  196  14:23  Viper  
  198  14:25  Zerg Melee Weapons Level 3  
  198  14:27  Baneling x8  
  198  14:28  Baneling x19  
  193  14:58  Zergling x12  
  149  15:15  Zergling x86  
  149  15:16  Zergling x4  
  194  15:23  Zergling x12  
  194  15:27  Baneling x12  
  200  15:40  Baneling x3  
  200  15:41  Baneling x25  
  197  15:49  Hatchery  
  196  15:51  Baneling x31  
  196  15:59  Zergling x2  
  196  16:00  Zergling x16  
  196  16:09  Drone x4  
  188  16:29  Hydralisk  
  188  16:30  Hydralisk x7  
  184  16:33  Zergling x2  
  184  16:34  Zergling x30  
  184  16:38  Zergling x14  
  196  16:44  Zergling x8  
  198  16:53  Zergling x10  
  199  17:00  Hatchery  
  198  17:27  Overseer x2  
  198  17:29  Baneling x24  
  198  17:37  Extractor  
  198  17:39  Drone  
  198  17:41  Baneling x10  
  198  17:52  Overlord x2  
  198  17:56  Zergling x4  
  198  17:58  Zerg Missile Weapons Level 3  
  193  18:31  Zergling x12  
  172  18:44  Zergling x28  
  172  18:45  Zergling x56  
  194  18:49  Hydralisk x2  
  196  18:56  Overlord x4  
  196  18:57  Overseer x3  
  194  19:11  Baneling  
  194  19:12  Baneling x7  
  194  19:20  Baneling x23  
  194  19:23  Viper x2  
  200  19:28  Zergling x32  
  186  19:33  Zergling x6  
  186  19:34  Zergling x32  
  199  19:40  Spine Crawler x2  
  199  19:41  Spine Crawler x2, Spore Crawler x2  
  199  19:43  Baneling x10  
  199  19:44  Zergling x2  
  194  19:53  Extractor, Baneling  
  194  19:54  Extractor, Baneling x7  
  189  20:07  Drone x3  
  181  20:21  Spore Crawler  
  181  20:22  Zergling x38  
  199  20:32  Baneling x8  
  199  20:39  Hatchery  
  168  21:10  Zergling x2  
  168  21:11  Zergling x76  
  182  21:21  Zergling x32  
Show
View Real Time Build Order
Export as new Build Order

Ryung Terran 

Build Orders: Liberator Opening, Reaper Expand 

Get SALT Encoding   

  12  0:00  SCV  
  13  0:12  SCV  
  14  0:17  Supply Depot  
  14  0:24  SCV  
  15  0:38  SCV  
  15  0:39  Barracks  
  16  0:44  Refinery  
  16  0:50  SCV  
  17  1:02  SCV  
  18  1:15  SCV  
  19  1:26  Reaper  
  19  1:27  Orbital Command  
  20  1:38  Command Center  
  20  1:46  Supply Depot  
  20  1:52  SCV  
  21  1:58  Marine  
  22  2:04  SCV  
  23  2:10  Factory  
  23  2:16  SCV  
  23  2:21  Barracks Reactor  
  24  2:28  SCV  
  25  2:36  Command Center  
  25  2:40  SCV  
  26  2:51  Orbital Command  
  26  2:52  SCV  
  26  2:57  Starport  
  27  3:03  Refinery  
  27  3:05  SCV  
  28  3:12  Hellion x2  
  32  3:17  SCV x2  
  32  3:19  Marine  
  35  3:29  SCV  
  35  3:30  SCV  
  39  3:34  Hellion x2  
  39  3:37  Liberator  
  44  3:41  Barracks Tech Lab  
  44  3:42  SCV x2  
  44  3:48  Orbital Command  
  46  3:54  SCV x2  
  48  3:56  Hellion  
  48  3:58  Hellion  
  48  4:01  Stimpack  
  52  4:08  SCV x2  
  54  4:15  SCV  
  54  4:16  Marine  
  55  4:20  SCV x2  
  57  4:26  Barracks  
  57  4:27  Starport Reactor  
  57  4:28  Barracks  
  57  4:29  Factory Reactor, Supply Depot  
  57  4:30  Orbital Command  
  57  4:32  SCV  
  57  4:33  SCV  
  57  4:34  Marine  
  60  4:39  Engineering Bay  
  60  4:42  Engineering Bay  
  60  4:45  SCV  
  61  4:48  Refinery  
  61  4:50  Supply Depot  
  61  4:51  SCV  
  62  4:57  SCV x2  
  64  5:00  Marine  
  64  5:03  SCV  
  66  5:09  SCV x2  
  66  5:13  Supply Depot  
  68  5:15  Terran Infantry Armor Level 1, Terran Infantry Weapons Level 1, Factory Reactor, SCV  
  68  5:18  Marine x2  
  68  5:19  Barracks  
  68  5:20  Barracks  
  68  5:21  SCV x2  
  72  5:26  Marine x3  
  72  5:27  SCV  
  77  5:28  Supply Depot  
  77  5:31  Refinery  
  77  5:35  Medivac x2, SCV  
  82  5:39  SCV x2  
  84  5:42  Supply Depot  
  84  5:44  Marine  
  85  5:50  Marine x3, SCV  
  85  5:51  SCV  
  85  5:55  Widow Mine x2  
  91  5:58  SCV  
  91  6:02  SCV  
  91  6:06  Marine, Armory  
  91  6:08  SCV  
  91  6:09  Marine  
  91  6:10  Marine x2, SCV  
  91  6:11  Barracks Reactor  
  96  6:14  SCV  
  96  6:18  Combat Shield, Supply Depot x2  
  97  6:19  Supply Depot  
  97  6:22  Medivac, Widow Mine x2  
  103  6:27  Marine x2  
  103  6:28  Barracks Reactor  
  103  6:29  Marine  
  105  6:38  SCV  
  105  6:39  SCV x2  
  104  6:40  Marine x2  
  104  6:42  Medivac  
  104  6:45  Marine x2  
  108  6:50  SCV, Widow Mine x2  
  108  6:51  SCV  
  108  6:52  Medivac  
  113  6:55  Marine, Command Center  
  113  6:56  Marine x2  
  113  6:58  Marine  
  113  7:00  Marine  
  117  7:02  Marine  
  117  7:03  Marine  
  117  7:04  Refinery  
  117  7:05  Marine x2  
  121  7:11  Terran Infantry Weapons Level 2  
  121  7:13  Marine x2  
  121  7:14  Marine  
  124  7:15  Marine  
  124  7:18  Supply Depot  
  124  7:19  SCV x3  
  124  7:21  Terran Infantry Armor Level 2  
  128  7:26  Widow Mine x2  
  132  7:32  Supply Depot  
  132  7:33  Supply Depot  
  132  7:39  Factory  
  132  7:46  Marine x4  
  132  7:47  Marine x3  
  132  7:48  Marine  
  132  7:49  Widow Mine x2  
  124  7:52  SCV x3  
  124  7:54  Marine  
  128  8:04  Marine x2, SCV x3  
  129  8:14  Widow Mine  
  129  8:15  Widow Mine  
  129  8:16  SCV x3  
  136  8:24  Factory Tech Lab  
  136  8:28  SCV x3  
  136  8:32  Marine x4  
  136  8:33  Marine x2  
  141  8:38  Medivac x2  
  141  8:40  SCV x3  
  148  8:45  Planetary Fortress  
  148  8:48  Widow Mine x2, Drilling Claws  
  150  8:49  Widow Mine  
  150  8:52  SCV x2  
  150  8:53  SCV  
  155  9:01  Barracks x2  
  155  9:04  SCV  
  155  9:05  SCV x2  
  155  9:06  Barracks  
  158  9:16  SCV  
  155  9:18  Siege Tank  
  155  9:19  Widow Mine x2  
  155  9:20  SCV x2  
  164  9:24  Marine x6, Marauder  
  164  9:31  Marine x2, Medivac x2, SCV  
  169  9:40  Terran Infantry Weapons Level 3, Terran Infantry Armor Level 3  
  169  9:42  Marine x4  
  169  9:43  Ghost Academy, Refinery x2  
  169  9:45  Command Center  
  166  9:46  Marine x2  
  166  9:47  Marine  
  166  9:49  Marine x2  
  171  9:54  Marine  
  171  9:57  Marine  
  172  10:00  Marine, Widow Mine  
  172  10:01  Marine  
  172  10:03  Marine  
  160  10:20  Supply Depot x2  
  160  10:21  Supply Depot x2  
  160  10:24  Marine x6, Orbital Command  
  160  10:25  Marine, Widow Mine  
  140  10:37  Supply Depot  
  140  10:38  Marine x2  
  140  10:41  Marine x3, Medivac x2, Siege Tank  
  140  10:42  Marine x4  
  156  10:44  SCV x2  
  156  10:47  Barracks Tech Lab x3  
  156  10:51  Command Center  
  156  10:55  Marine x2  
  156  10:56  SCV x2  
  160  10:58  SCV  
  160  10:59  Marine  
  160  11:03  Sensor Tower  
  162  11:05  Ghost x3  
  162  11:06  Marine x2  
  162  11:07  Marine x2  
  162  11:08  SCV x2  
  162  11:10  SCV  
  175  11:16  Siege Tank  
  178  11:20  SCV x2  
  180  11:29  Orbital Command  
  180  11:32  SCV  
  164  11:33  Marine x4  
  164  11:38  Marine x6  
  164  11:39  Marauder  
  153  11:45  Widow Mine x2  
  153  11:46  Marine  
  158  11:48  Siege Tank  
  158  11:51  Marine x4  
  159  11:55  Marine x2  
  159  11:56  Marine x3  
  159  11:58  Marine  
  159  11:59  Marine  
  152  12:04  Marine, SCV  
  152  12:09  Marine  
  152  12:11  SCV x2  
  155  12:16  Widow Mine  
  155  12:17  Widow Mine  
  155  12:21  Ghost, Widow Mine  
  164  12:22  SCV  
  164  12:23  SCV x2  
  166  12:35  SCV x2  
  166  12:36  Sensor Tower, SCV  
  169  12:39  Planetary Fortress  
  169  12:43  Siege Tank  
  169  12:44  Widow Mine x2  
  176  12:47  SCV  
  176  12:51  Ghost x3  
  176  13:03  SCV  
  176  13:04  SCV x2  
  176  13:05  Widow Mine x2  
  171  13:15  Marine x6, Siege Tank  
  171  13:16  Marine x3, SCV x2  
  171  13:19  Ghost  
  185  13:20  Marine, Ghost  
  185  13:26  Widow Mine  
  192  13:27  Liberator  
  192  13:31  Refinery  
  192  13:33  Refinery  
  195  13:36  Missile Turret  
  195  13:50  Liberator, SCV x4  
  195  13:54  Marine x2  
  195  13:55  Marine x2  
  192  14:00  Widow Mine  
  192  14:02  Supply Depot  
  194  14:03  Supply Depot  
  194  14:08  Ghost x3  
  200  14:10  Refinery  
  200  14:11  Refinery  
  200  14:12  Sensor Tower  
  200  14:22  Widow Mine  
  200  14:31  Command Center x2  
  200  14:32  Command Center  
  200  14:33  Missile Turret  
  200  14:34  Missile Turret  
  197  14:46  Terran Vehicle Weapons Level 1  
  197  14:47  Personal Cloaking, Armory  
  197  14:49  Siege Tank  
  164  15:18  Command Center, Ghost, Liberator x2, Widow Mine x2  
  164  15:19  Ghost x2, Sensor Tower  
  180  15:21  Siege Tank  
  183  15:32  SCV x3  
  183  15:34  SCV  
  187  15:41  Widow Mine x2  
  191  15:47  Orbital Command  
  191  15:54  Siege Tank  
  191  15:57  Command Center  
  194  16:10  Command Center, Widow Mine x2  
  192  16:28  Siege Tank  
  192  16:31  Widow Mine  
  192  16:32  Marine x2, Widow Mine  
  168  16:35  Ghost x2  
  168  16:36  Ghost  
  168  16:38  Marine x6, Ghost  
  163  16:43  Medivac x2  
  153  16:49  SCV x2  
  153  16:50  SCV  
  156  16:58  Command Center  
  156  16:59  Widow Mine x2  
  160  17:04  Ghost x2  
  160  17:06  Siege Tank  
  167  17:11  Terran Vehicle Weapons Level 2  
  169  17:17  SCV x4  
  169  17:19  Sensor Tower  
  169  17:20  Liberator  
  174  17:24  Widow Mine  
  174  17:25  Widow Mine  
  178  17:30  Ghost  
  180  17:50  Siege Tank  
  183  17:52  Widow Mine x2  
  177  18:18  Marine x2  
  177  18:19  Marine x4  
  178  18:20  Marine x2  
  179  18:30  Siege Tank, Ghost  
  179  18:31  Planetary Fortress  
  184  18:40  Orbital Command  
  165  18:44  Widow Mine x2  
  148  18:58  Medivac x2  
  148  19:02  Siege Tank  
  154  19:16  Widow Mine x2  
  158  19:27  Medivac  
  158  19:28  Marine x6, Medivac  
  158  19:29  Marine  
  154  19:53  Sensor Tower  
  158  20:03  Siege Tank  
  158  20:04  Widow Mine x2  
  165  20:09  Ghost x2  
  165  20:10  Ghost  
  161  20:21  Liberator  
  161  20:22  Liberator  
  161  20:28  Ghost  
  163  20:29  Marine x4  
  163  20:30  Marine x4  
  173  20:38  Marine x3  
  176  20:47  Marine x6  
  176  20:48  Refinery  
  148  21:11  Marine x8  
  104  21:12  Ghost  

Tags
 
Add a new tag
Caveats
  • Supply blocks, unpowered buildings, or Contaminate may cause inaccurate times.
  • Supply counts are checked every 10 seconds.